NYP
SPOKANE INDIANS @ LOS ANGELES (NYP) ANGELS
07/24/2044
 
TOP OF THE 1ST
Spokane Indians batting - Pitching for Los Angeles (NYP) Angels : RHP Bartholomeu Voivodic
Pitching: RHP Bartholomeu Voivodic
Batting: RHB Joe Kemp 0-0: Foul Ball, location: 2F
0-1: Ball
1-1: Ball
2-1: SINGLE (Line Drive, 7S, EV 98.8 MPH)
Batting: RHB Mehmet Bloch 0-0: Ball
1-0: Called Strike
1-1: Ball
2-1: Ball
Joe Kemp steals 2nd base
3-1: Base on Balls
Batting: LHB Otte Klijnsma 0-0: Ball
1-0: Ball
Joe Kemp steals 3rd base
2-0: Swinging Strike
2-1: Fly out, F9 (Line Drive, 9, EV 111.9 MPH)
Runner from 3rd tags up, OUT at HOME! 9-2
Mehmet Bloch to second
Batting: RHB Roberto Gonzalez 0-0: Ground out 5-3 (Groundball, 56S, EV 88.8 MPH)
Top of the 1st over - 0 runs, 1 hit, 0 errors, 1 left on base; Spokane 0 - Los Angeles (NYP) 0
BOTTOM OF THE 1ST
Los Angeles (NYP) Angels batting - Pitching for Spokane Indians : RHP Marc Duncan
Pitching: RHP Marc Duncan
Batting: RHB Randy Grewe 0-0: Foul Ball, location: 2F
0-1: SINGLE (Groundball, 34D, EV 95.6 MPH)
Batting: RHB Steve Hasson 0-0: Called Strike
0-1: Ball
1-1: Ball
2-1: Foul Ball, location: 2F
2-2: Foul Ball, location: 2F
2-2: Grounds into double play, 1-6-3 (Groundball, 13, EV 66.2 MPH)
Batting: RHB Jon Griffin 0-0: Ball
1-0: Ground out 5-3 (Groundball, 56, EV 99.4 MPH)
Bottom of the 1st over - 0 runs, 1 hit, 0 errors, 0 left on base; Spokane 0 - Los Angeles (NYP) 0
TOP OF THE 2ND
Spokane Indians batting - Pitching for Los Angeles (NYP) Angels : RHP Bartholomeu Voivodic
Batting: SHB Alvare Bairro 0-0: Foul Ball, location: 2F
0-1: Ball
1-1: Ball
2-1: Ball
3-1: Base on Balls
Batting: RHB Zi-jing Wang 0-0: Ball
Alvare Bairro steals 2nd base
1-0: Ball
2-0: Called Strike
2-1: Ground out 6-3 (Groundball, 6, EV 90.0 MPH)
Alvare Bairro to third
Batting: RHB Knud Prins 0-0: Ball
1-0: Called Strike
1-1: Ball
2-1: Reached on error, E5 (Groundball, 56S, EV 66.9 MPH)
Alvare Bairro scores
Batting: SHB Hatsuo Miura 0-0: Foul Ball, location: 2F
0-1: Swinging Strike
0-2: Foul Ball, location: 2F
0-2: Hit by Pitch
Knud Prins to second
Batting: LHB Akira Yamano 0-0: Foul Ball, location: 2F
0-1: Ball
1-1: Ball
2-1: Fielders Choice at 2nd, 6-4 (Groundball, 6M, EV 85.0 MPH)
Knud Prins to third
Batting: RHB Joe Kemp 0-0: Ball
1-0: Called Strike
1-1: Foul Ball, location: 2F
1-2: Strikes out swinging
Top of the 2nd over - 1 run, 0 hits, 1 error, 2 left on base; Spokane 1 - Los Angeles (NYP) 0
BOTTOM OF THE 2ND
Los Angeles (NYP) Angels batting - Pitching for Spokane Indians : RHP Marc Duncan
Batting: SHB Conor Davies 0-0: Foul Ball, location: 2F
0-1: Foul Ball, location: 2F
0-2: Ball
1-2: Strikes out looking
Batting: RHB Jeff Long 0-0: Ball
1-0: Fly out, F8 (Flyball, 8LD, EV 75.0 MPH)
Batting: RHB Jason Habeck 0-0: Ground out 5-3 (Groundball, 15, EV 80.0 MPH)
Bottom of the 2nd over - 0 runs, 0 hits, 0 errors, 0 left on base; Spokane 1 - Los Angeles (NYP) 0
TOP OF THE 3RD
Spokane Indians batting - Pitching for Los Angeles (NYP) Angels : RHP Bartholomeu Voivodic
Batting: RHB Mehmet Bloch 0-0: Ball
1-0: Ball
2-0: Called Strike
2-1: Foul Ball, location: 2F
2-2: Ball
3-2: Base on Balls
Batting: LHB Otte Klijnsma 0-0: Called Strike
0-1: Ball
1-1: Ball
2-1: Swinging Strike
2-2: Ball
3-2: Fly out, F6 (Line Drive, 6, EV 69.4 MPH)
Batting: RHB Roberto Gonzalez 0-0: Called Strike
0-1: Ball
Wild Pitch!
Mehmet Bloch to second
1-1: Called Strike
1-2: Ground out 3-1 (Groundball, 34S, EV 86.2 MPH)
Mehmet Bloch to third
Batting: SHB Alvare Bairro 0-0: Called Strike
0-1: Ball
1-1: Foul Ball, location: 2F
1-2: Ball
2-2: SINGLE (Flyball, 9LS, EV 92.5 MPH)
Mehmet Bloch scores
Batting: RHB Zi-jing Wang 0-0: Ball
Alvare Bairro is caught stealing 2nd base 2-4
Top of the 3rd over - 1 run, 1 hit, 0 errors, 0 left on base; Spokane 2 - Los Angeles (NYP) 0
BOTTOM OF THE 3RD
Los Angeles (NYP) Angels batting - Pitching for Spokane Indians : RHP Marc Duncan
Batting: RHB David Kunze 0-0: Called Strike
0-1: Swinging Strike
0-2: Foul Ball, location: 2F
0-2: Ball
1-2: Ball
2-2: Foul Ball, location: 2F
2-2: Foul Ball, location: 2F
2-2: Strikes out swinging
Batting: RHB Zach Robbins 0-0: Ball
1-0: Ground out 6-3 (Groundball, 6, EV 90.6 MPH)
Batting: RHB Mario Velazquez 0-0: Called Strike
0-1: Ball
1-1: Called Strike
1-2: Ball
2-2: Ground out 5-3 (Groundball, 56S, EV 87.5 MPH)
Bottom of the 3rd over - 0 runs, 0 hits, 0 errors, 0 left on base; Spokane 2 - Los Angeles (NYP) 0
TOP OF THE 4TH
Spokane Indians batting - Pitching for Los Angeles (NYP) Angels : RHP Bartholomeu Voivodic
Batting: RHB Zi-jing Wang 0-0: Ball
1-0: Ball
2-0: Fly out, F5 (Popup, 5, EV 39.4 MPH)
Batting: RHB Knud Prins 0-0: Called Strike
0-1: Fly out, F3 (Popup, 34, EV 60.6 MPH)
Batting: SHB Hatsuo Miura 0-0: Called Strike
0-1: Fly out, F7 (Flyball, 7, EV 81.2 MPH)
Top of the 4th over - 0 runs, 0 hits, 0 errors, 0 left on base; Spokane 2 - Los Angeles (NYP) 0
BOTTOM OF THE 4TH
Los Angeles (NYP) Angels batting - Pitching for Spokane Indians : RHP Marc Duncan
Batting: RHB Randy Grewe 0-0: Ball
1-0: Ball
2-0: Called Strike
2-1: Ground out 5-3 (Groundball, 56, EV 106.2 MPH)
Batting: RHB Steve Hasson 0-0: Ball
1-0: Foul Ball, location: 2F
1-1: Swinging Strike
1-2: Strikes out swinging
Batting: RHB Jon Griffin 0-0: Called Strike
0-1: Ball
1-1: Swinging Strike
1-2: Hit by Pitch
Batting: SHB Conor Davies 0-0: Ball
1-0: Ball
2-0: Fly out, F8 (Flyball, 78M, EV 87.5 MPH)
Bottom of the 4th over - 0 runs, 0 hits, 0 errors, 1 left on base; Spokane 2 - Los Angeles (NYP) 0
TOP OF THE 5TH
Spokane Indians batting - Pitching for Los Angeles (NYP) Angels : RHP Bartholomeu Voivodic
Batting: LHB Akira Yamano 0-0: Swinging Strike
0-1: Ball
1-1: Fly out, F4 (Line Drive, 4, EV 61.9 MPH)
Batting: RHB Joe Kemp 0-0: Ground out 5-3 (Groundball, 56S, EV 69.4 MPH)
Batting: RHB Mehmet Bloch 0-0: Ball
1-0: Called Strike
1-1: Ball
2-1: Foul Ball, location: 2F
2-2: Ball
3-2: Foul Ball, location: 2F
3-2: Foul Ball, location: 2F
3-2: Foul Ball, location: 2F
3-2: Ground out 6-3 (Groundball, 6, EV 88.1 MPH)
Top of the 5th over - 0 runs, 0 hits, 0 errors, 0 left on base; Spokane 2 - Los Angeles (NYP) 0
BOTTOM OF THE 5TH
Los Angeles (NYP) Angels batting - Pitching for Spokane Indians : RHP Marc Duncan
Batting: RHB Jeff Long 0-0: Called Strike
0-1: Foul Ball, location: 2F
0-2: Foul Ball, location: 2F
0-2: Ball
1-2: Ball
2-2: Foul Ball, location: 2F
2-2: Strikes out looking
Batting: RHB Jason Habeck 0-0: Ball
1-0: Ground out 4-3 (Groundball, 34, EV 84.4 MPH)
Batting: RHB David Kunze 0-0: DOUBLE (Line Drive, 9LM, EV 111.2 MPH)
Batting: RHB Zach Robbins 0-0: Ball
1-0: Called Strike
1-1: Foul Ball, location: 2F
1-2: Foul Ball, location: 2F
1-2: Ball
2-2: DOUBLE (Line Drive, 78D, EV 107.5 MPH)
David Kunze scores
Batting: RHB Mario Velazquez 0-0: Swinging Strike
0-1: Called Strike
0-2: Foul Ball, location: 2F
0-2: Foul Ball, location: 2F
0-2: Ball
1-2: Ball
2-2: Strikes out swinging
Bottom of the 5th over - 1 run, 2 hits, 0 errors, 1 left on base; Spokane 2 - Los Angeles (NYP) 1
TOP OF THE 6TH
Spokane Indians batting - Pitching for Los Angeles (NYP) Angels : RHP Bartholomeu Voivodic
Batting: LHB Otte Klijnsma 0-0: Ball
1-0: Called Strike
1-1: Ball
2-1: Ball
3-1: Foul Ball, location: 2F
3-2: Ground out 4-3 (Groundball, 34D, EV 93.8 MPH)
Batting: RHB Roberto Gonzalez 0-0: Called Strike
0-1: Fly out, F7 (Line Drive, 8LM, EV 96.2 MPH)
Batting: SHB Alvare Bairro 0-0: Foul Ball, location: 2F
0-1: Swinging Strike
0-2: Foul Ball, location: 2F
0-2: Foul Ball, location: 2F
0-2: Ball
1-2: Strikes out swinging
Top of the 6th over - 0 runs, 0 hits, 0 errors, 0 left on base; Spokane 2 - Los Angeles (NYP) 1
BOTTOM OF THE 6TH
Los Angeles (NYP) Angels batting - Pitching for Spokane Indians : RHP Marc Duncan
Batting: RHB Randy Grewe 0-0: Hit by Pitch
Batting: RHB Steve Hasson 0-0: Ground out 5-3 (Groundball, P, EV 94.4 MPH)
Randy Grewe to second
Batting: RHB Jon Griffin 0-0: Called Strike
0-1: Ground out 5-3 (Groundball, 56, EV 88.1 MPH)
Batting: SHB Conor Davies 0-0: Foul Ball, location: 2F
0-1: Foul Ball, location: 2F
0-2: Ball
1-2: Ground out 4-3 (Groundball, 4S, EV 90.0 MPH)
Bottom of the 6th over - 0 runs, 0 hits, 0 errors, 1 left on base; Spokane 2 - Los Angeles (NYP) 1
TOP OF THE 7TH
Spokane Indians batting - Pitching for Los Angeles (NYP) Angels : RHP Bartholomeu Voivodic
Pitching: LHP Alex Pulido
Batting: RHB Zi-jing Wang 0-0: Called Strike
0-1: Foul Ball, location: 2F
0-2: Ball
1-2: Foul Ball, location: 2F
1-2: Strikes out swinging
Batting: RHB Knud Prins 0-0: Foul Ball, location: 2F
0-1: SINGLE (Groundball, 4, EV 100.0 MPH)
Batting: SHB Hatsuo Miura 0-0: Swinging Strike
0-1: Ball
1-1: Called Strike
1-2: Ball
2-2: Foul Ball, location: 2F
2-2: Foul Ball, location: 2F
2-2: Strikes out swinging
Pinch Hitting: RHB Brian Morrison 0-0: Called Strike
0-1: Ball
1-1: Foul Ball, location: 2F
1-2: Ball
2-2: Ball
3-2: SINGLE (Groundball, 5D, EV 98.1 MPH)
Knud Prins to second
Knud Prins to third
Batting: RHB Joe Kemp 0-0: Called Strike
0-1: Ball
Wild Pitch!
Knud Prins scores
Brian Morrison to second
1-1: Ball
2-1: Ground out U3 (Groundball, 34, EV 106.2 MPH)
Top of the 7th over - 1 run, 2 hits, 0 errors, 1 left on base; Spokane 3 - Los Angeles (NYP) 1
BOTTOM OF THE 7TH
Los Angeles (NYP) Angels batting - Pitching for Spokane Indians : RHP Marc Duncan
Now at 2B: Brian Morrison
Now at SS: Mehmet Bloch
Batting: RHB Jeff Long 0-0: Ball
1-0: Ball
2-0: Fly out, F4 (Popup, 34S, EV 76.2 MPH)
Batting: RHB Jason Habeck 0-0: Called Strike
0-1: DOUBLE (Line Drive, 89M, EV 104.4 MPH)
Batting: RHB David Kunze 0-0: Ball
1-0: Foul Ball, location: 2F
1-1: Ball
2-1: Foul Ball, location: 2F
2-2: Foul Ball, location: 2F
2-2: Ball
3-2: Foul Ball, location: 2F
3-2: DOUBLE (Flyball, 89XD, EV 101.9 MPH)
Jason Habeck scores
Batting: RHB Zach Robbins 0-0: Ball
Balk!
David Kunze to third
1-0: Foul Ball, location: 2F
1-1: Foul Ball, location: 2F
1-2: Strikes out swinging
Pinch Hitting: RHB John Beddow 0-0: Ball
1-0: Swinging Strike
1-1: Called Strike
1-2: Foul Ball, location: 2F
1-2: Strikes out swinging
Bottom of the 7th over - 1 run, 2 hits, 0 errors, 1 left on base; Spokane 3 - Los Angeles (NYP) 2
TOP OF THE 8TH
Spokane Indians batting - Pitching for Los Angeles (NYP) Angels : LHP Alex Pulido
Pitching: RHP Chris Petrey
Now in LF: John Beddow
Pinch Hitting: LHB Mike Sloan 0-0: Called Strike
0-1: Ball
1-1: Foul Ball, location: 2F
1-2: SINGLE (Groundball, 6D, EV 98.1 MPH)
Batting: LHB Otte Klijnsma 0-0: Fielders Choice at 2nd, 4-6 (Groundball, 34, EV 80.6 MPH)
Pinch Hitting: LHB William Hanley 0-0: Ball
Wild Pitch!
Otte Klijnsma to second
1-0: Intentional Walk
Batting: SHB Alvare Bairro 0-0: Foul Ball, location: 2F
0-1: Ball
1-1: Swinging Strike
1-2: DOUBLE (Line Drive, 9LM, EV 98.8 MPH)
Otte Klijnsma scores
William Hanley to third
Batting: RHB Zi-jing Wang 0-0: Intentional Walk
Pinch Hitting: LHB Willie Calderon 0-0: Ball
1-0: Called Strike
1-1: SINGLE (Line Drive, 8LS, EV 101.2 MPH)
William Hanley scores
Alvare Bairro to third
Zi-jing Wang to second
Batting: SHB Hatsuo Miura 0-0: Ball
1-0: Called Strike
1-1: Fly out, F9 (Flyball, 9, EV 83.1 MPH)
Runner from 3rd tags up, SCORES, no throw by RF
Pitching: RHP Kevin Greene
Batting: RHB Brian Morrison 0-0: Ball
1-0: Ball
2-0: Ball
3-0: Foul Ball, location: 2F
3-1: Base on Balls
Zi-jing Wang to third
Willie Calderon to second
Batting: RHB Joe Kemp 0-0: Ball
1-0: SINGLE (Line Drive, 89M, EV 100.0 MPH)
Zi-jing Wang scores
Willie Calderon to third
Brian Morrison to second
Pinch Hitting: RHB Kentaro Fujii 0-0: Foul Ball, location: 2F
0-1: Ground out 4-3 (Groundball, 4, EV 106.9 MPH)
Top of the 8th over - 4 runs, 4 hits, 0 errors, 3 left on base; Spokane 7 - Los Angeles (NYP) 2
BOTTOM OF THE 8TH
Los Angeles (NYP) Angels batting - Pitching for Spokane Indians : RHP Marc Duncan
Pitching: LHP Tim McConnel
Now at 1B: Kazuo Morita
Now at 2B: Alex Vasquez
Now at 3B: Kentaro Fujii
Now at SS: Jose Marquez
Batting: RHB Randy Grewe 0-0: Called Strike
0-1: Ball
1-1: Ball
2-1: Ball
3-1: Ground out U3 (Groundball, 3S, EV 83.8 MPH)
Batting: RHB Steve Hasson 0-0: Ball
1-0: Called Strike
1-1: Foul Ball, location: 2F
1-2: Ball
2-2: Foul Ball, location: 2F
2-2: Fly out, F9 (Flyball, 89S, EV 88.8 MPH)
Batting: RHB Jon Griffin 0-0: Ball
1-0: Fly out, F8 (Flyball, 8RXD, EV 96.9 MPH)
Bottom of the 8th over - 0 runs, 0 hits, 0 errors, 0 left on base; Spokane 7 - Los Angeles (NYP) 2
TOP OF THE 9TH
Spokane Indians batting - Pitching for Los Angeles (NYP) Angels : RHP Kevin Greene
Batting: LHB Otte Klijnsma 0-0: Ball
1-0: Swinging Strike
1-1: SINGLE (Line Drive, 8LS, EV 104.4 MPH)
Batting: RHB Kazuo Morita 0-0: Ball
1-0: Called Strike
1-1: Called Strike
1-2: Ball
2-2: Fielders Choice at 2nd, 3-6 (Groundball, 3, EV 78.8 MPH)
Batting: SHB Alvare Bairro 0-0: Called Strike
0-1: Foul Ball, location: 2F
0-2: Ball
1-2: Grounds into double play, 5-4-3 (Groundball, 5, EV 81.9 MPH)
Top of the 9th over - 0 runs, 1 hit, 0 errors, 0 left on base; Spokane 7 - Los Angeles (NYP) 2
BOTTOM OF THE 9TH
Los Angeles (NYP) Angels batting - Pitching for Spokane Indians : LHP Tim McConnel
Batting: SHB Conor Davies 0-0: Swinging Strike
0-1: Foul Ball, location: 2F
0-2: Strikes out swinging
Batting: RHB Jeff Long 0-0: Ground out 4-3 (Groundball, 4MS, EV 82.5 MPH)
Batting: RHB Jason Habeck 0-0: Ball
1-0: Ball
2-0: Swinging Strike
2-1: Foul Ball, location: 2F
2-2: Strikes out looking
Bottom of the 9th over - 0 runs, 0 hits, 0 errors, 0 left on base; Spokane 7 - Los Angeles (NYP) 2
Thursday, March 31st , 2022 - OOTP Baseball 22.12 Build 89